 Dungeon Crawl Stone Soup version 0.30-a0-50-gb2d611f6b1 (webtiles) character file.

Game seed: 3942907173820859198

2 timneilson the Trooper (level 1, -2/14 HPs)
             Began as a Gargoyle Fighter on Sept 3, 2022.
             Slain by a goblin
             ... wielding a +0 dagger
              (3 damage)
             ... on level 1 of the Dungeon.
             The game lasted 00:00:08 (42 turns).

timneilson the Trooper (Gargoyle Fighter)             Turns: 42, Time: 00:00:08

Health: -2/14      AC:  9    Str: 19    XL:     1   Next: 30%
Magic:  1/1        EV:  9    Int:  8    God:
Gold:   0          SH:  4    Dex:  9    Spells: 0/0 levels left

rFire   . . .      SeeInvis .    a - +0 long sword
rCold   . . .      Faith    .    c - +0 buckler
rNeg    + . .      Spirit   .    b - +0 scale mail
rPois   ∞          Reflect  .    (no helmet)
rElec   +          Harm     .    (no cloak)
rCorr   .          Rampage  .    (no gloves)
Will    .....                    (no boots)
Stlth   ..........               (no amulet)
HPRegen 0.04/turn                (no ring)
MPRegen 0.07/turn                (no ring)

@: no status effects
A: sickness immunity, AC +2, negative energy resistance 1, electricity
resistance, torment resistance 1, petrification resistance
a: no special abilities


You were on level 1 of the Dungeon.
You visited 1 branch of the dungeon, and saw 1 of its levels.

Inventory:

Hand Weapons
 a - a +0 long sword (weapon)
Armour
 b - a +0 scale mail (worn)
 c - a +0 buckler (worn)
Potions
 d - a potion of might


   Skills:
 + Level 3.3 Fighting
 * Level 1.8 Long Blades
 * Level 3.3 Armour
 + Level 0.0 Dodging
 * Level 3.3 Shields


You couldn't memorise any spells.
You didn't know any spells.
Your spell library was empty.

Dungeon Overview and Level Annotations

Branches:
Dungeon (1/15)

Altars:


Innate Abilities, Weirdness & Mutations

You are immune to sickness and miasma.
Your stone body is resilient. (AC +2)
You are immune to poison.
You resist negative energy. (rN+)
You are resistant to electric shocks. (rElec)
You are resistant to unholy torment.
You are immune to petrification.


Message History

You hit the hobgoblin.
The hobgoblin is heavily wounded.
The hobgoblin hits you but does no damage.
You slash the hobgoblin!
You kill the hobgoblin!
The kobold throws a stone.
The stone barely misses you. The rat bites you but does no damage.
The goblin hits you but does no damage.
You hit the rat.
The rat is severely wounded.
The rat barely misses you. The goblin hits you but does no damage.
You closely miss the rat.
The rat is severely wounded.
The goblin hits you with a +0 dagger. The rat barely misses you.
The kobold hits you but does no damage. The goblin hits you with a +0 dagger.
The rat bites you but does no damage.
You hit the rat.
You kill the rat!
You block the goblin's attack. The kobold hits you but does no damage.
You hit the kobold.
The kobold is severely wounded.
The goblin hits you but does no damage.
The kobold hits you but does no damage. x2
You hit the kobold but do no damage.
The kobold is severely wounded.
The goblin barely misses you. The kobold hits you with a +0 club.
The kobold hits you but does no damage. The goblin hits you but does no damage.
The kobold closely misses you.
The kobold hits you with a +0 short sword.
* * * LOW HITPOINT WARNING * * *
The goblin attacks as you move away! The goblin hits you with a +0 dagger.
* * * LOW HITPOINT WARNING * * *
The kobold closely misses you. The goblin attacks as you move away!
The goblin hits you but does no damage. The goblin attacks as you move away!
The goblin hits you with a +0 dagger.
* * * LOW HITPOINT WARNING * * *
You closely miss the goblin. The goblin barely misses you.
You barely miss the goblin. You block the goblin's attack.
You hit the goblin.
The goblin is severely wounded.
The goblin hits you with a +0 dagger.
You die...

##. #.. #.. #.# ##.
.#### #.# .... .... .
#.##........... ###
.##.##..PPPP###### #..##
..#@##..P...#....#
....##.#g##..P...#....#
#.....#K##..P.♣.#....#
#....#K##..P...##'###+#
##..†.#.........#.......
#.......#.......'..##+##
.....##..###......#..#
#.. #..## #..P..^##'# #
..........P.♣.#..#


You could see a goblin and 2 kobolds.

Vanquished Creatures
  A hobgoblin (D:1)
  A rat (D:1)
2 creatures vanquished.

Notes
Turn   | Place    | Note
-------+----------+-------------------------------------------
     0 | D:1      | timneilson the Gargoyle Fighter began the quest for the
                  | Orb.
     0 | D:1      | Reached XP level 1. HP: 14/14 MP: 1/1
    42 | D:1      | Slain by a goblin

Illustrated notes

Levels and vault maps discovered:
D:1:      evilmike_arrival_home_sweet_home, layout_loops_ring,
          chequers_serial_rivers_room_a, hangedman_decor_push,
          minmay_misc_feat_iff, item_on_display_a

Action                   || total
-------------------------++-------
Melee: Long sword        ||    12
Armor: Scale mail        ||    15
Dodge: Dodged            ||     8
Block: Buckler           ||     2

Table legend: (Time is in decaauts)
 A = Elapsed time spent in this place.
 B = Non-inter-level travel time spent in this place.
 C = Inter-level travel time spent in this place.
 D = Time resting spent in this place.
 E = Time spent auto-exploring this place.
 F = Levels seen in this place.
 G = Mean time per level.
                   A        B        C        D        E       F      G
               +--------+--------+--------+--------+--------+-----+--------+
         Total |     45 |     45 |      0 |      0 |     21 |   1 |   45.0 |
       Dungeon |     45 |     45 |      0 |      0 |     21 |   1 |   45.0 |
               +--------+--------+--------+--------+--------+-----+--------+

Top non-repeatable levels by time:
     D:1: 45 daAuts
